AoeStats
← mricardo96

Nomad

508702175Analyzed
4v4 RM · 10d ago on Sep 23, 2026· 45m 12s· 8 players
Game mode
Random Map
Map size
231×231
Population
200
Speed
Normal
Resources
Standard
Victory
Conquest
Starting age
Dark Age
Ending age
Imperial Age
RankedLock teamsTeams togetherTeam positionsShared explorationLock speedFull tech treeHidden civsTurbo modeCheats
Victory
Defeat
🇩🇰 Saxons · Denmark
915
+17
🇩🇰 Danes · Denmark
913
+17
🇦🇷 Portuguese · Argentina
906
+17
🇳🇱 Tatars · Netherlands
889
+18
🇺🇸 Vietnamese · United States
1027
-21
🇩🇪 Huns · Germany
950
-18
🇩🇪 Franks · Germany
927
-17
🇺🇸 Persians · United States
824
-33
zoltan83
3:53 Loom
14:42 Feudal Age
20:25 Castle Age
19:24 Forging
19:15 Scale Mail Armor
Toast
Elispar
11:30 Loom
14:34 Feudal Age
18:49 Castle Age
18:14 Horse Collar
18:25 Fishing Lines
20:30 Fletching
20:46 Gold Mining
21:12 Bodkin Arrow
23:15 Padded Archer Armor
23:38 Stone Mining
24:03 Double-Bit Axe
24:42 Gillnets
26:18 Bow Saw
29:14 Leather Archer Armor
29:23 Ballistics
29:57 Stone Shaft Mining
32:53 Elite Skirmisher
33:39 Thumb Ring
39:33 Masonry
39:04 Treadmill Crane
40:41 Fortified Wall
40:26 Murder Holes
42:26 Husbandry
42:36 Bloodlines
42:34 Scale Barding Armor
42:40 Forging
42:36 Heavy Plow
43:44 Wheelbarrow
45:45 Imperial Age
44:29 Chain Barding Armor
44:45 Iron Casting
TheDorkLord8
17:04 Feudal Age
19:47 Double-Bit Axe
24:08 Padded Archer Armor
24:01 Fletching
26:49 Wheelbarrow
26:01 Loom
26:57 Forging
28:24 Horse Collar
32:21 Scale Barding Armor
34:26 Castle Age
45:32 Bow Saw
The Priest1783
4:18 Loom
15:55 Feudal Age
16:30 Town Watch
18:07 Fletching
18:44 Fishing Lines
22:29 Castle Age
21:19 Gold Mining
21:24 Double-Bit Axe
23:29 Wheelbarrow
31:11 Forging
31:01 Scale Mail Armor
33:57 Iron Casting
35:08 Gillnets
40:11 Chain Mail Armor
40:12 Hamask
44:46 Bow Saw
Donp4ppa
14:27 Feudal Age
15:03 Double-Bit Axe
15:09 Fishing Lines
15:57 Loom
19:49 Castle Age
18:30 Town Watch
18:54 Fletching
20:07 Gold Mining
21:03 Gillnets
20:53 Crossbowman
23:08 Wheelbarrow
25:02 Padded Archer Armor
24:59 Bodkin Arrow
26:23 Thumb Ring
27:23 Gold Shaft Mining
29:47 Town Patrol
31:25 Leather Archer Armor
31:33 Ballistics
36:45 Imperial Age
38:40 Hand Cart
38:07 Treadmill Crane
38:33 Siege Engineers
38:54 Scale Mail Armor
39:04 Forging
38:55 Bracer
38:33 Arbalester
40:44 Conscription
41:01 Ring Archer Armor
41:02 Stone Mining
44:12 Husbandry
44:22 Bloodlines
44:43 Scale Barding Armor
45:14 Iron Casting
44:44 Cavalier
Nasa
7:12 Loom
13:42 Feudal Age
14:14 Town Watch
14:51 Double-Bit Axe
18:46 Scale Barding Armor
20:13 Bloodlines
25:54 Castle Age
31:56 Horse Collar
32:29 Bow Saw
37:45 Gold Mining
38:35 Wheelbarrow
38:05 Heavy Plow
40:04 Hand Cart
46:12 Imperial Age
44:09 Husbandry
mricardo96
13:05 Loom
16:05 Feudal Age
17:29 Wheelbarrow
16:42 Double-Bit Axe
27:31 Scale Barding Armor
36:24 Bloodlines
36:36 Forging
Connection lost

Rejoining the realm…

Still unreachable

The connection could not be restored.

Session expired

The server has moved on; the page needs a fresh start.